 Dungeon Crawl Stone Soup version 0.28.0-49-g6dfe1f597d (webtiles) character file.

Game seed: 4451684392196300482

1512 Peloso the Carver (level 8, -5/70 HPs)
             Began as a Minotaur Fighter on May 17, 2022.
             Killed from afar by a starcursed mass (8 damage)
             ... with an accursed screaming
             ... on level 1 of the Abyss.
             The game lasted 00:10:11 (6407 turns).

Peloso the Carver (Minotaur Fighter)                Turns: 6407, Time: 00:10:12

Health: -5/70      AC: 11    Str: 20    XL:     8   Next: 53%
Magic:  7/7        EV:  8    Int:  5    God:
Gold:   265        SH: 10    Dex: 13    Spells: 7/7 levels left

rFire   . . .      SeeInvis .   a - +0 long sword
rCold   . . .      Faith    .   c - +0 buckler
rNeg    . . .      Spirit   .   g - +0 chain mail
rPois   .          Reflect  +   (helmet restricted)
rElec   .          Harm     .   q - +0 cloak
rCorr   .          Rampage  .   (no gloves)
Will    .....                   (no boots)
Stlth   ..........              o - amulet of reflection
HPRegen 0.00/turn               (no ring)
MPRegen 0.10/turn               (no ring)

@: sick
A: horns 2, retaliatory headbutt
a: no special abilities


You were on level 1 of the Abyss.
You visited 2 branches of the dungeon, and saw 8 of its levels.
You visited the Abyss 1 time.
You also visited: Ossuary.

You collected 265 gold pieces.

Inventory:

Hand Weapons
 a - a +0 long sword (weapon)
Missiles
 m - a throwing net (quivered)
Armour
 b - a +0 scale mail
 c - a +0 buckler (worn)
 g - a +0 chain mail (worn)
 q - a +0 cloak (worn)
 E - a scarf of resistance
Jewellery
 h - a ring of flight
 o - an amulet of reflection (around neck)
 x - a ring of willpower
Wands
 y - a wand of polymorph (9)
Scrolls
 e - 2 scrolls of fear {unknown}
 f - 2 scrolls of fog {unknown}
 i - 2 scrolls of vulnerability
 j - 8 scrolls of identify {unknown}
 n - a scroll of amnesia {unknown}
 s - a scroll of acquirement {unknown}
 t - a scroll of immolation {unknown}
 v - 2 scrolls of blinking
 w - 3 scrolls of teleportation {unknown}
 C - a scroll of enchant weapon {unknown}
 D - a scroll of silence {unknown}
Potions
 d - 2 potions of might
 k - 2 potions of heal wounds
 l - 2 potions of lignification {unknown}
 p - a potion of haste {unknown}
 r - a potion of mutation {unknown}
 u - a potion of resistance {unknown}
 z - a potion of degeneration {unknown}
 A - 2 potions of curing {unknown}
 B - a potion of berserk rage {unknown}
 F - 2 potions of flight {unknown}
 G - a potion of magic {unknown}


   Skills:
 + Level 5.8 Fighting
 + Level 8.7 Long Blades
 + Level 0.1 Throwing
 + Level 7.1 Armour
 + Level 2.4 Dodging
 + Level 0.5 Stealth
 + Level 6.1 Shields


You had 7 spell levels left.
You didn't know any spells.
Your spell library contained the following spells:

 Spells                   Type           Power      Damage    Failure   Level
 Magic Dart               Conj           0%         1d3       99%         1
 Call Imp                 Summ           0%         N/A       100%        2
 Mephitic Cloud           Conj/Pois/Air  0%         N/A       100%        3
 Ozocubu's Armour         Ice            0%         N/A       100%        3
 Summon Guardian Golem    Hex/Summ       0%         N/A       100%        3
 Olgreb's Toxic Radiance  Pois           0%         N/A       100%        4
 Excruciating Wounds      Necr           0%         N/A       100%        5
 Iron Shot                Conj/Erth      0%         9d1       100%        6
 Orb of Destruction       Conj           0%         9d5       100%        7
 Ozocubu's Refrigeration  Ice            0%         4d5       100%        7
 Spellforged Servitor     Conj/Summ      0%         N/A       100%        7
 Ignition                 Fire           0%         3d3       100%        8
 Chain Lightning          Conj/Air       0%         N/A       100%        9


Dungeon Overview and Level Annotations

Branches:
Dungeon (7/15)             Temple (1/1) D:5         Ossuary (visited)

Altars:
Ashenzari
Cheibriados
Dithmenos
Elyvilon
Fedhas
Gozag
Hepliaklqana
Kikubaaqudgha
Makhleb
Nemelex Xobeh
Qazlal
Ru
Sif Muna
Uskayaw
Vehumet
Wu Jian
Xom
Zin
The Shining One

Shops:
D:3 (   D:4 *

Annotations:
D:2 Sigmund
D:5 2 transporters, 101zpm's ghost, novice DjFE


Innate Abilities, Weirdness & Mutations

You have a pair of horns on your head.
You reflexively headbutt those who attack you in melee.


Message History

The small abomination shimmers and seems to become two!
The small abomination hits you but does no damage.
Okay, then.
You feel your willpower return.
A large abomination comes into view.
The large abomination hits you!
You feel ill.
You feel ill.
A large abomination comes into view.
The large abomination closely misses you.
You furiously retaliate!
You headbutt the large abomination, but do no damage.
A starcursed mass comes into view.
A starcursed mass splits.
The starcursed mass shrieks in your mind.
A chorus of shrieks assaults your mind.
* * * LOW HITPOINT WARNING * * *
The large abomination closely misses you.
A starcursed mass splits.
A starcursed mass splits.
A starcursed mass splits.
A starcursed mass splits.
A deafening chorus of shrieks assaults your mind!
* * * LOW HITPOINT WARNING * * *
A deafening chorus of shrieks assaults your mind!
* * * LOW HITPOINT WARNING * * *
A starcursed mass splits.
As you open the door, it creaks loudly!
A starcursed mass splits.
You block the starcursed mass's attack.
A chaos spawn comes into view.
A starcursed mass splits.
There is an open door here.
A lich comes into view.
The lich shouts!
The lich mumbles some strange words.
The lich flickers and vanishes!
Deactivating autopickup; reactivate with Ctrl-A.
A small abomination comes into view.
A chorus of shrieks assaults your mind.
You die...

## ## #. #. # #x#..
.# ... #.#.# ..
...##..# .#..
##.#.#.# #.#. ..
#...#.. ##..# ...
#.@#.# #...##.###
#...### ...#....
#...X.###......#..
#.#####X4.X........
## #...##X........
#..{###'##.. .
.....# #.# #.####
...#..## # ##.. #..
#...## #X#. .#. .


You could see 2 starcursed masses, a chaos spawn and a small abomination.

Vanquished Creatures
  A ynoxinul (Abyss:1)
  2 sky beasts (D:6)
  2 ogres
  A centaur (D:6)
  A kobold brigand (D:3)
  An elf zombie (Ossuary)
  4 scorpions
  A water moccasin skeleton (D:6)
  A howler monkey (D:4)
  A bullfrog zombie (D:6)
  A bullfrog skeleton (D:6)
  2 hounds
  A jelly (D:7)
  A centaur skeleton (D:6)
  A human zombie (Ossuary)
  2 iguanas
  4 orc wizards
  4 mummies (Ossuary)
  4 gnolls
  5 adders
  A shadow imp (D:6)
  2 white imps
  3 worms
  2 dart slugs
  6 orcs
  5 ball pythons
  7 endoplasms
  5 giant cockroaches
  6 goblins
  7 hobgoblins
  3 jackals (D:1)
  3 quokkas
  3 bats
  5 frilled lizards
  A gnoll zombie (Ossuary)
  2 hobgoblin zombies (Ossuary)
  3 jackal zombies (Ossuary)
  15 kobolds
  A kobold zombie (Ossuary)
  An orc zombie (Ossuary)
  7 rats
  2 rat zombies (Ossuary)
130 creatures vanquished.

Vanquished Creatures (others)
  26 plants
26 creatures vanquished.

Grand Total: 156 creatures vanquished

Notes
Turn   | Place    | Note
-------+----------+-------------------------------------------
     0 | D:1      | Peloso the Minotaur Fighter began the quest for the Orb.
     0 | D:1      | Reached XP level 1. HP: 19/19 MP: 0/0
   238 | D:1      | Reached XP level 2. HP: 24/27 MP: 1/1
   673 | D:1      | Reached skill level 3 in Long Blades
   675 | D:1      | Reached XP level 3. HP: 33/33 MP: 2/2
  1240 | D:2      | Reached XP level 4. HP: 32/40 MP: 3/3
  1247 | D:2      | Reached skill level 4 in Long Blades
  1646 | D:2      | Noticed Sigmund
  1809 | D:3      | Found a sacrificial altar of Ru.
  1912 | D:3      | Noticed a kobold brigand
  1925 | D:3      | Killed a kobold brigand
  1926 | D:3      | Reached skill level 5 in Long Blades
  1926 | D:3      | Reached XP level 5. HP: 5/46 MP: 4/4
  2342 | D:3      | Reached skill level 5 in Armour
  2452 | D:3      | Found Ytotes's Weapon Boutique.
  2609 | D:3      | Found a hide-covered altar of Uskayaw.
  2616 | D:3      | Found a shimmering altar of Xom.
  2617 | D:3      | Found a hazy altar of Hepliaklqana.
  2621 | D:3      | Found a sparkling altar of Nemelex Xobeh.
  2707 | D:4      | Found Zin's Purification Station.
  2710 | D:4      | Found a glowing silver altar of Zin.
  2756 | D:4      | Reached XP level 6. HP: 46/52 MP: 5/5
  2948 | D:4      | Reached skill level 1 in Dodging
  3001 | D:4      | Reached skill level 6 in Long Blades
  3181 | D:4      | Found a snail-covered altar of Cheibriados.
  3373 | D:5      | Entered Level 5 of the Dungeon
  3426 | D:5      | Found a staircase to the Ecumenical Temple.
  3447 | D:5      | Got the Tome of Dark Conjuration
  3466 | Temple   | Entered the Ecumenical Temple
  3773 | D:5      | Found a transporter.
  3777 | D:5      | Found a transporter.
  3777 | D:5      | Noticed 101zpm's ghost (novice DjFE)
  3977 | D:5      | Reached skill level 5 in Shields
  3977 | D:5      | Reached XP level 7. HP: 38/60 MP: 6/6
  4911 | D:6      | Reached skill level 7 in Long Blades
  4947 | D:6      | Identified the +0 ring mail of the Desert {Will+ Str+4
                  | Int-2 Dex+8}
  5007 | D:6      | Reached skill level 5 in Fighting
  5121 | D:6      | Reached XP level 8. HP: 65/68 MP: 7/7
  5196 | D:6      | Reached skill level 8 in Long Blades
  5970 | D:7      | Found a sand-covered staircase.
  5977 | Ossuary  | Entered an ossuary
  6306 | D:7      | Cast into level 1 of the Abyss (gnoll)
  6334 | Abyss:1  | Noticed a rakshasa
  6348 | Abyss:1  | Noticed an ancient zyme
  6348 | Abyss:1  | Noticed a raiju
  6374 | Abyss:1  | Noticed a large abomination
  6390 | Abyss:1  | Noticed a starcursed mass
  6396 | Abyss:1  | HP: 3/70 [starcursed mass/accursed screaming (7)]
  6402 | Abyss:1  | Noticed a lich
  6407 | Abyss:1  | Killed from afar by a starcursed mass

Illustrated notes

Levels and vault maps discovered:
D:1:      shiori_arrival_elements, layout_basic, lexackson_kobold_supper
D:2:      layout_rooms, basic_altar, basic_ecumenical_altar, skrybe_limestone_x,
          chequers_jeans, nicolae_grassy_gnolls, uniq_sigmund
D:3:      cheibrodos_thug_alley, layout_basic, nicolae_overflow_crystal_walls,
          minitemple, serial_shops, shop
D:4:      layout_rooms, mainiacjoe_overflow_paths, zin_purify,
          grunt_decor_fettered
D:5:      layout_loops_corners, minmay_temple_entry_glass, gammafunk_ghost_hive,
          minmay_hedge_maze, corner_web_ring, grunt_decor_mini_mirrors
D:6:      layout_basic
D:7:      nicolae_cairo_tiling_large_dashed, layout_loops_cross,
          nicolae_ossuary_entry_monument, uniq_menkaure, uniq_duvessa
Temple:   chequers_temple_sunken
Abyss:1:  base: D:6, minivault_5, hangedman_abyss_exit_choices

Skill      XL: |  1  2  3  4  5  6  7  8 |
---------------+-------------------------+-----
Fighting       | 4 5 |  5.8
Shields        | 4 5 6 |  6.1
Armour         | 4 5 6 7 |  7.1
Long Blades    | 3 5 6 7 8 |  8.7
Dodging        | 1 2 |  2.4
Throwing       | |  0.1
Stealth        | |  0.5

Action                   |  1- 3 |  4- 6 |  7- 9 || total
-------------------------+-------+-------+-------++-------
Melee: Long sword        |    91 |   123 |   162 ||   376
       Headbutt          |     9 |    15 |    38 ||    62
Throw: Throwing net      |       |     1 |       ||     1
  Use: Potion            |       |     1 |       ||     1
       Scroll            |       |       |     2 ||     2
Armor: Scale mail        |     2 |       |       ||     2
       Chain mail        |    67 |    48 |    63 ||   178
Dodge: Dodged            |    48 |    36 |    32 ||   116
Block: Buckler           |    33 |    32 |    79 ||   144
       Reflection        |       |     1 |     4 ||     5
